 Dungeon Crawl Stone Soup version 0.18.1-6-gd335043 (webtiles) character file.

5152 Krapule the Blocker (level 10, -7/93 HPs)
             Began as a Minotaur Fighter on May 10, 2016.
             Was a Follower of Fedhas.
             Killed from afar by an electric eel (12 damage)
             ... with a bolt of electricity
             ... in a bailey on May 15, 2016.
             The game lasted 00:27:02 (6449 turns).

Krapule the Blocker (Minotaur Fighter)              Turns: 6449, Time: 00:27:03

Health: -7/93      AC: 13    Str: 24    XL:     10   Next: 33%
Magic:  9/9        EV: 13    Int:  5    God:    Fedhas [*.....]
Gold:   564        SH: 13    Dex: 10    Spells: 0 memorised, 9 levels left

rFire  . . .     SeeInvis .     g - +3 whip (freeze)
rCold  . . .     Gourm    .     z - +1 ring mail {rPois}
rNeg   . . .     Faith    .     c - +1 shield
rPois  +         Spirit   .     (helmet restricted)
rElec  .         Dismiss  .     E - +0 cloak
rCorr  .         Reflect  .     r - +0 pair of gloves
SustAt .         Harm     .     w - +1 pair of boots
MR     +....                    (no amulet)
Stlth  ..........               (no ring)
                                s - ring of protection from magic

@: somewhat resistant to hostile enchantments, extremely unstealthy
A: retaliatory headbutt, horns 2
a: Evolution, Renounce Religion


You were in a bailey.
You worshipped Fedhas.
Fedhas was aware of your devotion.
You were not hungry.

You visited 1 branch of the dungeon, and saw 8 of its levels.
You also visited: Bailey.

You collected 564 gold pieces.

Inventory:

Hand Weapons
 a - a +0 flail
 g - a +3 whip of freezing (weapon)
 p - a +0 morningstar
Armour
 b - a +0 scale mail
 c - a +1 shield (worn)
 r - a +0 pair of gloves (worn)
 w - a +1 pair of boots (worn)
 z - a +1 ring mail of poison resistance (worn)
 E - a +0 cloak (worn)
Jewellery
 s - a ring of protection from magic (left hand)
Wands
 l - a wand of lightning (0/15)
 q - a wand of paralysis (9/24)
 u - a wand of confusion (21/48)
 A - a wand of disintegration (8/24)
 B - a wand of acid (1/15)
Scrolls
 e - 6 scrolls of teleportation
 i - a scroll of blinking
 j - 10 scrolls of identify
 k - 6 scrolls of remove curse
 m - a scroll of enchant armour
Potions
 d - 2 potions of might
 n - 2 potions of degeneration {unknown}
 o - 2 potions of haste
 x - a potion of heal wounds
Books
 y - a book of Party Tricks

   Spells                             Type                      Level
   a - Summon Butterflies             Summoning                    1
   b - Apportation                    Translocation                1
   c - Tukima's Dance                 Hexes                        3
   d - Alistair's Intoxication        Transmutation/Poison         5
   e - Invisibility                   Hexes                        6
Comestibles
 f - 4 bread rations
 h - 2 meat rations
 t - 9 fruits
 v - a chunk of flesh
 F - a slice of pizza


   Skills:
 + Level 10.0 Fighting
 + Level 7.2 Maces & Flails
 + Level 9.7 Armour
 + Level 8.2 Dodging
 + Level 10.3 Shields


You had 9 spell levels left.
You didn't know any spells.

Dungeon Overview and Level Annotations

Branches:
Dungeon (8/15)             Temple (0/1) D:7
   Lair: D:8-11

Altars:
Dithmenos
Fedhas
Kikubaaqudgha
Makhleb
Qazlal
Ru
Xom
Zin

Shops:
D:4 ?


Innate Abilities, Weirdness & Mutations

You reflexively headbutt those who attack you in melee.
You have a pair of horns on your head.


Message History

You are too injured to fight recklessly!
You miss the electric eel.
The electric eel is severely wounded.
Your unstable footing causes you to fumble your attack.
The electric eel shoots out a bolt of lightning at you!
The bolt of electricity misses you.
Your unstable footing causes you to fumble your attack.
You closely miss the electric eel.
The electric eel is severely wounded.
The electric eel shoots out a bolt of lightning at you!
The bolt of electricity hits you!
* * * LOW HITPOINT WARNING * * *
Your unstable footing causes you to fumble your attack.
The electric eel shoots out a bolt of lightning at you!
The bolt of electricity hits you!
* * * LOW HITPOINT WARNING * * *
The electric eel shoots out a bolt of lightning at you!
The bolt of electricity hits you!
You die...
Fedhas appreciates your contribution to the ecosystem.

≈≈≈≈≈≈≈≈≈≈≈≈≈≈≈
≈≈≈≈≈≈≈≈≈≈≈≈≈≈≈
≈≈≈≈≈≈≈≈≈≈≈≈≈≈≈
≈≈≈≈≈≈≈≈≈≈≈≈≈≈≈
≈≈≈≈≈≈≈≈≈≈≈≈≈≈≈
≈≈≈≈≈≈≈;≈≈≈≈≈≈≈
#≈≈≈≈≈≈≈≈≈≈≈≈≈#
+.............+
#######@####### ≈≈≈≈
#.....#.......# ≈≈≈≈
#.....))8.8.8.# #≈≈≈≈
#'#####....)..######≈≈≈≈
#%%#....#......#.≈≈≈≈≈
#%%#....#......#.≈≈≈≈≈
#..#....#####)'#.≈≈≈≈≈
#..#....##..)).#.≈≈≈≈≈
##+#....##...).').....


You could see an electric eel.

Vanquished Creatures
  An orc knight (Bailey)
  An orc sorcerer (Bailey)
  A kobold demonologist (Bailey)
  A two-headed ogre (D:8)
  Prince Ribbit (D:7)
  2 hippogriffs
  2 water moccasins
  A sky beast (D:8)
  A black bear (D:6)
  4 orc warriors (Bailey)
  2 ice beasts (D:7)
  3 ogres
  3 centaurs
  A big kobold (D:8)
  3 giant frogs
  3 jellies
  2 scorpions
  The ghost of Rationalist the Skirmisher, a weakling DsBe of Trog (D:3)
  5 killer bees (D:8)
  7 wights (D:8)
  3 electric eels
  A centaur zombie (D:7)
  3 crimson imps (D:5)
  A giant frog zombie (D:8)
  An orc priest (D:8)
  An orc wizard (D:8)
  A centaur skeleton (D:5)
  3 hounds
  4 iguanas
  3 worker ants
  A hound skeleton (D:7)
  5 gnolls
  A worker ant zombie (D:7)
  5 adders
  4 oozes
  2 dart slugs
  A giant gecko (D:2)
  15 orcs
  3 ball pythons
  6 giant cockroaches
  16 goblins
  4 hobgoblins
  8 jackals
  7 kobolds
  3 quokkas
  A ball python skeleton (D:6)
  5 bats
  A giant gecko skeleton (D:7)
  2 giant newts
  6 rats
162 creatures vanquished.

Vanquished Creatures (others)
  A gnoll (Bailey)
  A goblin (Bailey)
  A hobgoblin (Bailey)
  A plant (D:7)
4 creatures vanquished.

Grand Total: 166 creatures vanquished

Notes
Turn   | Place    | Note
--------------------------------------------------------------
     0 | D:1      | Krapule the Minotaur Fighter began the quest for the Orb.
     0 | D:1      | Reached XP level 1. HP: 19/19 MP: 0/0
   302 | D:1      | Reached XP level 2. HP: 27/27 MP: 1/1
   739 | D:2      | Reached XP level 3. HP: 28/33 MP: 2/2
   831 | D:2      | Reached skill level 1 in Dodging
  1112 | D:2      | Reached skill level 5 in Dodging
  1112 | D:2      | Reached XP level 4. HP: 47/47 MP: 3/3
  1472 | D:3      | Noticed Rationalist's ghost (weakling DsBe)
  1480 | D:3      | Killed Rationalist's ghost
  1480 | D:3      | Reached XP level 5. HP: 45/53 MP: 4/4
  1579 | D:3      | Found a faded altar to an unknown god.
  1591 | D:3      | Became a worshipper of Fedhas Madash
  1591 | D:3      | Reached * piety under Fedhas
  1782 | D:4      | Found Erevew's Magic Scroll Boutique.
  1924 | D:4      | Noticed an ogre
  1932 | D:4      | Killed an ogre
  1932 | D:4      | Reached XP level 6. HP: 61/61 MP: 5/5
  1999 | D:4      | Noticed a hippogriff
  2009 | D:4      | Killed a hippogriff
  2068 | D:4      | Found a burning altar of Makhleb.
  2072 | D:4      | Found an ancient bone altar of Kikubaaqudgha.
  2157 | D:4      | Found a sacrificial altar of Ru.
  2161 | D:4      | Found a blossoming altar of Fedhas.
  2166 | D:4      | Found a stormy altar of Qazlal.
  2263 | D:5      | Entered Level 5 of the Dungeon
  2424 | D:5      | Reached XP level 7. HP: 67/68 MP: 6/6
  2458 | D:5      | Upgraded the game from 0.18.1-5-g4a78601 to 0.18.1-6-gd335043
  3589 | D:6      | Found a glowing silver altar of Zin.
  3871 | D:6      | Reached XP level 8. HP: 69/75 MP: 7/7
  3910 | D:6      | You fall through a shaft for 2 floors!
  4331 | D:8      | Found a shadowy altar of Dithmenos.
  4387 | D:8      | Reached skill level 5 in Maces & Flails
  4493 | D:8      | Noticed a two-headed ogre
  4499 | D:8      | Killed a two-headed ogre
  4499 | D:8      | Reached XP level 9. HP: 41/82 MP: 8/8
  4984 | D:8      | Found a shimmering altar of Xom.
  4990 | D:8      | Found a shimmering altar of Xom.
  5218 | D:7      | Noticed Prince Ribbit
  5260 | D:7      | Killed Prince Ribbit
  5407 | D:7      | Found a staircase to the Ecumenical Temple.
  5521 | D:7      | Found a flagged portal.
  5532 | Bailey   | Entered a bailey
  6036 | Bailey   | Noticed a kobold demonologist
  6036 | Bailey   | Noticed an orc sorcerer
  6055 | Bailey   | Noticed a sixfirhy
  6068 | Bailey   | Killed an orc sorcerer
  6068 | Bailey   | Reached skill level 10 in Shields
  6068 | Bailey   | Reached XP level 10. HP: 48/92 MP: 9/9
  6381 | Bailey   | Found an iron altar of Okawaru.
  6388 | Bailey   | Noticed an orc knight
  6415 | Bailey   | Killed an orc knight
  6415 | Bailey   | Reached skill level 10 in Fighting
  6449 | Bailey   | Killed from afar by an electric eel

Skill      XL: |  1  2  3  4  5  6  7  8  9 10 |
---------------+-------------------------------+-----
Fighting       | 4 7 8 9 10 | 10.0
Shields        | 4 7 8 9 10 | 10.3
Dodging        | 5 6 7 8 |  8.2
Armour         | 7 8 9 |  9.7
Maces & Flails | 3 4 5 6 7 |  7.2

Action                   |  1- 3 |  4- 6 |  7- 9 | 10-12 || total
-------------------------+-------+-------+-------+-------++-------
Melee: Flail             |    39 |       |       |       ||    39
       Headbutt          |     7 |    16 |    79 |    10 ||   112
       Whip              |    19 |    91 |   402 |    65 ||   577
Evoke: Wand              |       |     4 |     7 |     2 ||    13
  Use: Scroll            |     5 |     1 |     5 |       ||    11
       Potion            |     4 |     2 |     4 |     1 ||    11
 Stab: Paralysed         |       |     9 |       |       ||     9
  Eat: Chunk             |       |     4 |    11 |     2 ||    17
       Beef jerky        |       |       |     1 |       ||     1
Armor: Scale mail        |    34 |    17 |    56 |       ||   107
       Skin              |       |       |    53 |       ||    53
       Ring mail         |       |       |    15 |    22 ||    37
Dodge: Dodged            |    19 |    20 |   129 |    24 ||   192
Block: Shield            |    43 |    46 |   276 |    41 ||   406
